 Dungeon Crawl Stone Soup version 0.28.0-45-g0d030f2227 (webtiles) character file.

Game seed: 11327591404518017899

3163 MisterFreud the Transmogrifier (level 9, 0/72 HPs)
             Began as a Pale Draconian Transmuter on Apr 28, 2022.
             Was an Initiate of Ru.
             Slain by an orc warrior
             ... wielding a +0 trident
              (6 damage)
             ... on level 7 of the Dungeon.
             The game lasted 00:10:10 (8573 turns).

MisterFreud the Transmogrifier (DrTm)               Turns: 8573, Time: 00:10:11

Health: 0/72       AC:  2    Str: 12    XL:     9   Next: 63%
Magic:  13/15      EV: 28    Int: 16    God:    Ru [......]
Gold:   1342       SH:  0    Dex: 19    Spells: 7/16 levels left

rFire   . . .      SeeInvis .     - Unarmed
rCold   . . .      Faith    .   (shield currently unavailable)
rNeg    . . .      Spirit   .   (armour unavailable)
rPois   x          Reflect  .   (helmet currently unavailable)
rElec   .          Harm     .   (cloak currently unavailable)
rCorr   .          Rampage  .   (gloves currently unavailable)
Will    .....                   (boots currently unavailable)
Stlth   ++........              (no amulet)
HPRegen 0.22/turn               l - +4 ring of evasion
MPRegen 0.14/turn               (no ring)

@: short of breath, spider-form
A: venomous fangs, (breathe steam), AC +7, tiny, unfitting armour,
(cold-blooded), (steam resistance)
a: End Transformation, Renounce Religion


You were on level 7 of the Dungeon.
You worshipped Ru.
Ru was noncommittal.
You were a venomous arachnid creature.
You visited 2 branches of the dungeon, and saw 9 of its levels.

You collected 1342 gold pieces.

Inventory:

Missiles
 g - 2 poisoned darts
Armour
 j - the +0 pair of boots "Wunwoulo" (melded) {Fly rF+ SInv Stlth+}
   (You found it on level 4 of the Dungeon)

   rF:        It protects you from fire.
   SInv:      It lets you see invisible.
   Fly:       It grants you flight.
   Stlth:     It makes you more stealthy.
 r - a scarf of resistance (melded)
Jewellery
 f - an amulet of faith
 l - a +4 ring of evasion (left front leg)
 q - a +6 ring of strength
Wands
 t - a wand of flame (17)
Scrolls
 a - 4 scrolls of blinking
 e - 2 scrolls of vulnerability
 i - a scroll of immolation
 m - a scroll of magic mapping
 s - a scroll of teleportation
Potions
 b - 3 potions of haste
 c - a potion of mutation
 d - 3 potions of curing
 h - a potion of might {unknown}
 k - 2 potions of lignification
 n - 2 potions of attraction {unknown}
 o - 2 potions of ambrosia {unknown}
 p - a potion of berserk rage {unknown}
 u - a potion of degeneration {unknown}
 v - a potion of invisibility {unknown}


   Skills:
 + Level 4.5 Fighting
 + Level 6.2 Dodging
 + Level 6.3 Unarmed Combat
 - Level 4.0 Spellcasting
 - Level 8.0 Transmutations
 - Level 4.0 Ice Magic


You had 7 spell levels left.
You knew the following spells:

 Your Spells              Type           Power      Damage    Failure   Level
a - Ice Form              Ice/Tmut       22%        N/A       32%         4
b - Wereblood             Tmut           28%        N/A       4%          2
c - Spider Form           Tmut/Pois      16%        N/A       24%         3

Your spell library contained the following spells:

 Spells                   Type           Power      Damage    Failure   Level
 Beastly Appendage        Tmut           56%        N/A       4%          1
 Ozocubu's Armour         Ice            16%        N/A       24%         3
 Ensorcelled Hibernation  Hex/Ice        18%        N/A       26%         2
 Anguish                  Hex/Necr       1%         N/A       95%         4
 Metabolic Englaciation   Hex/Ice        4%         N/A       97%         5
 Simulacrum               Ice/Necr       4%         N/A       100%        6


Dungeon Overview and Level Annotations

Branches:
Dungeon (8/15)             Temple (1/1) D:7
   Lair: D:8-11

Altars:
Ashenzari
Cheibriados
Dithmenos
Elyvilon
Fedhas
Gozag
Hepliaklqana
Kikubaaqudgha
Makhleb
Nemelex Xobeh
Okawaru
Qazlal
Ru
Sif Muna
Trog
Uskayaw
Vehumet
Wu Jian
Xom
Zin

Shops:
D:8 ?

Annotations:
D:6 3 runed translucent doors, Palewisp's ghost, novice SpEn


Innate Abilities, Weirdness & Mutations

You are a venomous arachnid creature.
You have poisonous fangs.
You are tiny and dextrous.
Your spellcasting is less reliable in this form.
Your armour is entirely melded.
You are incapable of wielding weapons or throwing items.
((You can breathe blasts of scalding, opaque steam.))
((Your pale cyan-grey scales are hard. (AC +7)))
You cannot fit into any form of body armour.
((You are cold-blooded and may be slowed by cold attacks.))
((You are immune to the effects of steam.))


Message History

The +0 pair of boots "Wunwoulo" {Fly rF+ SInv Stlth+} melds into your body.
You feel hot and cold all over.
You float gracefully downwards.
The orc warrior is engulfed in a cloud of scalding steam.
The orc warrior hits you with a +0 trident!
Unknown command.
You hit the orc warrior but do no damage.
The orc warrior is poisoned.
The orc warrior is moderately wounded.
The orc warrior is engulfed in a cloud of scalding steam.
The orc warrior hits you with a +0 trident.
The orc wizard closely misses you.
You barely miss the orc warrior.
The orc warrior is severely wounded.
You are engulfed in a cloud of scalding steam.
The orc wizard casts a spell at you. The magic dart hits you!
The orc warrior completely misses you.
Unknown command.
The bullfrog croaks.
You hit the orc wizard.
The orc wizard is poisoned.
The orc wizard is heavily wounded.
You are engulfed in a cloud of scalding steam.
* * * LOW HITPOINT WARNING * * *
The orc warrior closely misses you.
The orc wizard hits you with a +0 dagger.
* * * LOW HITPOINT WARNING * * *
You are engulfed in a cloud of scalding steam.
* * * LOW HITPOINT WARNING * * *
The orc warrior closely misses you. The orc wizard misses you.
You climb upwards.
There is a stone staircase leading down here.
Unknown command.
Unknown command.
Unknown command.
The orc wizard closely misses you. The orc warrior barely misses you.
You closely miss the orc wizard.
The orc wizard is severely wounded.
The orc wizard hits you with a +0 dagger.
* * * LOW HITPOINT WARNING * * *
The orc warrior hits you from afar with a +0 trident.
You die...

#...#)....####......##...##.###.
#.........# ##......##....##....
##..#.....# #.......#..>.###..#.
#.........# ##.....#.....###....
#.###...######.......##...#.....
#.# #...##..........####....###.
#.# #...#..........####....####.
##'####..#.#........#.........##.
......#....#....s..#....#.....##.
..^...#..#####o>o................
.###..#....#........###.#......#.
.# #..#..#)#........###.#......##
.###..#..#[.............######.##
......#..##<........#.### #.##
......#..#######.##.#.# #.##
##'####..# #.#..#.#### #... ...#
#...# #.#...[.<.# ####


You could see an orc warrior (poisoned) and an orc wizard (very poisoned).

Vanquished Creatures
  A two-headed ogre (D:7)
  Joseph (D:7)
  Menkaure (D:7)
  Duvessa (D:4)
  2 water moccasins
  A black bear (D:7)
  7 ogres
  3 bullfrogs (D:7)
  2 scorpions
  Dowan (D:4)
  6 killer bees (D:7)
  A hound (D:4)
  A jelly (D:7)
  A centaur skeleton (D:4)
  An orc priest (D:8)
  2 bullfrog skeletons
  4 iguanas
  An orc wizard (D:4)
  A killer bee zombie (D:7)
  A howler monkey zombie (D:5)
  Robin (D:4)
  6 adders
  2 gnolls (D:3)
  3 shadow imps
  2 white imps
  A worm (D:2)
  10 orcs
  7 bats
  3 endoplasms
  3 giant cockroaches
  4 hobgoblins
  4 jackals (D:2)
  7 kobolds
  10 quokkas
  8 ball pythons
  3 frilled lizards
  18 goblins
  10 rats
141 creatures vanquished.

Vanquished Creatures (others)
  24 plants (D:3)
24 creatures vanquished.

Grand Total: 165 creatures vanquished

Notes
Turn   | Place    | Note
-------+----------+-------------------------------------------
     0 | D:1      | MisterFreud the Draconian Transmuter began the quest for
                  | the Orb.
     0 | D:1      | Reached XP level 1. HP: 16/16 MP: 3/3
   574 | D:1      | Reached XP level 2. HP: 21/23 MP: 3/5
   646 | D:1      | Found a faded altar of an unknown god.
  1601 | D:2      | Reached XP level 3. HP: 19/28 MP: 4/6
  1610 | D:2      | Learned a level 2 spell: Wereblood
  1614 | D:2      | Learned a level 3 spell: Spider Form
  1775 | D:2      | Reached skill level 3 in Transmutations
  2646 | D:3      | Reached XP level 4. HP: 35/35 MP: 5/7
  2959 | D:3      | Reached skill level 4 in Transmutations
  3864 | D:3      | Identified a scroll of acquirement
  3864 | D:3      | Acquired 1034 gold pieces
  4035 | D:3      | Reached XP level 5. HP: 34/40 MP: 6/8
  4192 | D:4      | Reached skill level 5 in Transmutations
  4244 | D:4      | Noticed Dowan
  4270 | D:4      | Killed Dowan
  4271 | D:4      | Reached XP level 6. HP: 46/51 MP: 6/9
  4272 | D:5      | Entered Level 5 of the Dungeon
  4373 | D:5      | Noticed a water moccasin
  4381 | D:5      | Killed a water moccasin
  4592 | D:5      | Reached skill level 5 in Unarmed Combat
  4685 | D:5      | Found a radiant altar of Vehumet.
  4685 | D:5      | Found an ancient bone altar of Kikubaaqudgha.
  4686 | D:5      | Found a bloodstained altar of Trog.
  4771 | D:5      | Your scales start taking on a pale cyan-grey colour.
  4771 | D:5      | Reached XP level 7. HP: 59/59 MP: 7/10
  4771 | D:5      | Gained mutation: You are immune to the effects of steam.
                  | [Pale Draconian growth]
  5199 | D:5      | Learned a level 4 spell: Ice Form
  5320 | D:4      | Noticed Duvessa
  5334 | D:4      | Killed Duvessa
  5335 | D:4      | Reached skill level 1 in Ice Magic
  5761 | D:4      | Noticed Robin
  5781 | D:4      | Killed Robin
  5849 | D:4      | Identified the +0 pair of boots "Wunwoulo" {Fly rF+ SInv
                  | Stlth+}
  6494 | D:6      | Reached XP level 8. HP: 66/66 MP: 11/11
  6561 | D:6      | Reached skill level 6 in Transmutations
  6645 | D:6      | Found a runed translucent gate.
  6645 | D:6      | Found a runed translucent gate.
  6645 | D:6      | Found a runed translucent gate.
  6991 | D:6      | Noticed Palewisp's ghost (novice SpEn)
  7211 | D:7      | Reached skill level 5 in Dodging
  7304 | D:7      | Noticed a two-headed ogre
  7345 | D:7      | Killed a two-headed ogre
  7346 | D:7      | Reached XP level 9. HP: 71/71 MP: 7/14
  7413 | D:7      | Noticed Menkaure
  7445 | D:7      | Killed Menkaure
  7446 | D:7      | Reached skill level 7 in Transmutations
  7844 | D:7      | Identified the +5 ring mail of Lust {rPois Dex+5}
  7991 | D:7      | Noticed Joseph
  8015 | D:7      | Killed Joseph
  8016 | D:7      | Reached skill level 8 in Transmutations
  8259 | D:7      | Found a staircase to the Ecumenical Temple.
  8275 | D:7      | Found an ornate altar of the Wu Jian Council.
  8286 | Temple   | Entered the Ecumenical Temple
  8318 | Temple   | Became a worshipper of Ru the Awakened
  8493 | D:8      | Found Jutub's Magic Scroll Shop.
  8573 | D:7      | Slain by an orc warrior

Illustrated notes

Levels and vault maps discovered:
D:1:      dpeg_arrival_rooms_b, layout_basic,
          shapermc_ecumenical_altar_starsandcircs
D:2:      layout_loops_corners
D:3:      wad_woods_tower, layout_rooms, feat_on_display
D:4:      layout_cave_pods, uniq_duvessa, uniq_robin
D:5:      layout_loops_corners, gammafunk_temple_overflow_claw, serial_glass,
          glass_columns_a, glass_columns_b
D:6:      layout_loops_ring, ebering_ghost_rock_garden,
          chequers_serial_rivers_small_b
D:7:      layout_loops_cross, lemuel_tele_altar, minmay_temple_entry_wispy,
          kennysheep_generic_room_11, uniq_menkaure, uniq_joseph
D:8:      nicolae_cairo_tiling_large_dashed, layout_rooms,
          grunt_temple_overflow_holy_war, serial_shops, nicolae_stop_n_shop_1,
          uniq_maggie
Temple:   minmay_temple_bridge_d

Skill      XL: |  1  2  3  4  5  6  7  8  9 |
---------------+----------------------------+-----
Dodging        | 2 3 6 |  6.2
Transmutations | 3 4 5 6 8 |  8.0
Fighting       | 3 4 |  4.5
Unarmed Combat | 4 5 6 |  6.3
Ice Magic      | 2 4 |  4.0
Spellcasting   | 3 4 |  4.0

Action                   |  1- 3 |  4- 6 |  7- 9 || total
-------------------------+-------+-------+-------++-------
Melee: Unarmed           |   135 |   132 |   111 ||   378
       Tailslap          |    18 |     7 |     7 ||    32
       Kick              |    18 |    17 |       ||    35
       Headbutt          |    14 |    10 |       ||    24
       Punch             |     1 |     3 |     1 ||     5
 Cast: Beastly Appendage |    30 |    15 |       ||    45
       Spider Form       |       |     8 |     8 ||    16
       Ice Form          |       |       |     4 ||     4
 Abil: Breathe Steam     |       |       |    26 ||    26
       End Transformatio |       |       |     1 ||     1
  Use: Scroll            |       |     3 |    12 ||    15
 Stab: Sleeping          |     1 |       |       ||     1
Armor: Skin              |    46 |    25 |    23 ||    94
Dodge: Dodged            |    99 |    98 |   125 ||   322
